 Dungeon Crawl Stone Soup version 0.22.1-6-g1668fe2c40 (webtiles) character file.

1309 Kohma the Ducker (level 8, 0/36 HPs)
             Began as a Spriggan Enchanter on Jan 20, 2019.
             Slain by an orc
             ... wielding a +2 hand axe of chopping
              (3 damage)
             ... while paralysed
             ... on level 5 of the Dungeon.
             The game lasted 00:31:46 (7695 turns).

Kohma the Ducker (Spriggan Enchanter)               Turns: 7695, Time: 00:31:46

Health: 0/36       AC:  2    Str:  4    XL:     8   Next: 32%
Magic:  17/17      EV:  4    Int: 16    God:
Gold:   309        SH:  0    Dex: 19    Spells: 10/18 levels left

rFire    . . .     SeeInvis +   a - +2 dagger
rCold    . . .     Gourm    .   (shield restricted)
rNeg     . . .     Faith    .   b - +0 robe
rPois    .         Spirit   .   (helmet restricted)
rElec    .         Reflect  .   (no cloak)
rCorr    .         Harm     .   (gloves unavailable)
MR       +....                  (boots unavailable)
Stlth    +++.......             (no amulet)
HPRegen  0.12/turn              (no ring)
MPRegen  0.15/turn              (no ring)

@: paralysed, about to teleport, fainting, very quick
A: very small, unfitting armour, see invisible, herbivore, speed 3, slow
metabolism 2
a: no special abilities


You were on level 5 of the Dungeon.
You were fainting.

You visited 2 branches of the dungeon, and saw 6 of its levels.
You also visited: Sewer.

You collected 309 gold pieces.

Inventory:

Hand Weapons
 a - a +2 dagger (weapon)
 f - a +0 rapier
 u - a +2 whip of flaming
Missiles
 g - 60 bolts
 j - 50 poisoned needles
 l - 107 stones (quivered)
Armour
 b - a +0 robe (worn)
Jewellery
 y - an uncursed amulet of rage
Wands
 h - a wand of scattershot (5)
 v - a wand of polymorph (5)
Scrolls
 c - a scroll of remove curse
 d - 2 scrolls of magic mapping
 e - 2 scrolls of teleportation
 q - 3 scrolls of fear
Potions
 i - a potion of brilliance
 o - 3 potions of agility
 p - 4 potions of mutation
 s - a potion of invisibility
 z - 2 potions of lignification


   Skills:
 * Level 6.6 Short Blades
 + Level 6.8 Dodging
 - Level 5.0 Stealth
 + Level 5.7 Spellcasting
 - Level 5.1 Hexes
 + Level 3.2 Ice Magic


You had 10 spell levels left.
You knew the following spells:

 Your Spells              Type           Power        Failure   Level  Hunger
b - Ensorcelled Hibernat  Hex/Ice        ###...       3%          2    #......
c - Confuse               Hex            ###.....     5%          3    ##.....
d - Tukima's Dance        Hex            ###.....     5%          3    ##.....

Your spell library contained the following spells:

 Spells                   Type           Power        Failure   Level  Hunger
 Corona                   Hex            ###....      1%          1    None
 Dazzling Spray           Conj/Hex       ##....       16%         3    ##.....


Dungeon Overview and Level Annotations

Branches:
Dungeon (5/15)             Temple (1/1) D:4

Altars:
Ashenzari
Cheibriados
Elyvilon
Fedhas
Gozag
Kikubaaqudgha
Makhleb
Nemelex Xobeh
Okawaru
Qazlal
Trog
Uskayaw
Wu Jian
Yredelemnul
The Shining One


Innate Abilities, Weirdness & Mutations

You are very small and have problems with some larger weapons.
You are too small for most types of armour.
You have supernaturally acute eyesight. (SInv)
You are a herbivore.
You cover ground extremely quickly.
You need to consume almost no food.


Message History

The orc hits you.
The orc hits you with a hand axe of chopping.
The orc hits you.
The orc hits you with a hand axe of chopping.
The orc hits you. The orc hits you but does no damage.
The orc closely misses you.
You can move again.
Unknown command.
As you read the scroll of teleportation, it crumbles to dust.
You feel strangely unstable.
You lose consciousness!
The orc hits you with a hand axe of chopping.
* * * LOW HITPOINT WARNING * * *
x2 The orc hits you.
* * * LOW HITPOINT WARNING * * *
The orc hits you with a dagger.
* * * LOW HITPOINT WARNING * * *
The orc barely misses you.
The orc hits you with a hand axe of chopping.
You die...

### # ..# .. #.# .# # ####.# #
### #.... ... ###.##.## #.#
#o@.....# . #.# #o#o##..# # ..
####[## #.#.....#.# #.. # #.....#
#.#..##.#.# #... ## #. #<.#
#..<......# #.... .## ##.##..#
####.##.### #.....
..####...#..######.#...####......
..+...........>......o....'.o....
..####......#####.#.....###.o....


You could see 3 orcs.

Vanquished Creatures
  Duvessa (D:4)
  Blork the orc (D:5)
  8 big kobolds (Sewer)
  2 scorpions (D:4)
  Dowan (D:4)
  An orc priest (D:5)
  An iguana (D:5)
  Ijyb (D:5)
  2 orc wizards
  2 worker ant zombies (D:5)
  A gnoll (D:4)
  10 adders
  4 oozes
  12 worms
  2 dart slugs
  A leopard gecko (D:2)
  10 orcs
  5 ball pythons
  4 giant cockroaches
  8 goblins
  11 hobgoblins
  13 jackals
  4 quokkas
  9 bats
  2 frilled lizards
  8 kobolds
  10 rats
134 creatures vanquished.

Notes
Turn   | Place    | Note
-------+----------+-------------------------------------------
     0 | D:1      | Kohma the Spriggan Enchanter began the quest for the Orb.
     0 | D:1      | Reached XP level 1. HP: 9/9 MP: 5/5
   225 | D:1      | Reached XP level 2. HP: 13/13 MP: 6/6
   229 | D:1      | Learned a level 2 spell: Ensorcelled Hibernation
  1238 | D:2      | Reached XP level 3. HP: 16/16 MP: 2/8
  1474 | D:2      | Reached skill level 5 in Stealth
  1715 | D:2      | Reached XP level 4. HP: 18/21 MP: 4/9
  2066 | D:2      | Learned a level 3 spell: Confuse
  2070 | D:2      | Learned a level 3 spell: Tukima's Dance
  2777 | D:3      | Found a sparkling altar of Nemelex Xobeh.
  2857 | D:3      | Reached skill level 5 in Hexes
  3551 | D:4      | Reached XP level 5. HP: 24/24 MP: 1/11
  3554 | D:4      | Reached skill level 1 in Ice Magic
  3573 | D:3      | Found an ancient bone altar of Kikubaaqudgha.
  3938 | D:3      | Found a burning altar of Makhleb.
  4066 | D:4      | Found a staircase to the Ecumenical Temple.
  4077 | Temple   | Entered the Ecumenical Temple
  4330 | D:4      | Noticed an ogre
  4358 | D:4      | Noticed Duvessa
  4359 | D:4      | Noticed Dowan
  4365 | D:4      | Found a glowing drain.
  4374 | Sewer    | Entered a sewer
  4398 | Sewer    | Reached XP level 6. HP: 28/28 MP: 7/12
  4750 | Sewer    | Reached skill level 5 in Dodging
  4833 | Sewer    | Reached XP level 7. HP: 21/32 MP: 11/14
  5370 | Sewer    | Reached skill level 5 in Short Blades
  5680 | Sewer    | Reached skill level 5 in Spellcasting
  6041 | D:4      | Killed Dowan
  6061 | D:4      | Killed Duvessa
  6061 | D:4      | Reached XP level 8. HP: 20/36 MP: 16/16
  6691 | D:5      | Entered Level 5 of the Dungeon
  6717 | D:4      | Found an ornate altar of the Wu Jian Council.
  6914 | D:5      | Noticed Blork the orc
  6920 | D:5      | Killed Blork the orc
  7508 | D:5      | Noticed Ijyb
  7579 | D:5      | Paralysed by fainting for 9 turns
  7600 | D:5      | Killed Ijyb
  7602 | D:5      | Paralysed by fainting for 5 turns
  7613 | D:5      | Paralysed by fainting for 9 turns
  7678 | D:5      | Paralysed by fainting for 9 turns
  7692 | D:5      | Paralysed by fainting for 6 turns
  7695 | D:5      | Slain by an orc

Skill      XL: |  1  2  3  4  5  6  7 |
---------------+----------------------+-----
Hexes          | 4 5 |  5.1
Stealth        | 5 |  5.0
Short Blades   | 2 3 4 6 |  6.6
Spellcasting   | 3 4 5 |  5.7
Dodging        | 4 5 6 |  6.8
Ice Magic      | 1 2 3 |  3.2

Action                   |  1- 3 |  4- 6 |  7- 9 || total
-------------------------+-------+-------+-------++-------
Melee: Dagger            |    83 |   183 |   453 ||   719
Throw: Stone             |       |       |    15 ||    15
 Cast: Ensorcelled Hiber |    27 |    47 |    34 ||   108
       Confuse           |       |     1 |     3 ||     4
  Use: Scroll            |       |    11 |     4 ||    15
       Potion            |       |       |     8 ||     8
 Stab: Sleeping          |    26 |    43 |    15 ||    84
       Distracted        |       |     1 |     1 ||     2
       Invisible         |       |       |     4 ||     4
       Confused          |       |       |     1 ||     1
  Eat: Ration            |       |     3 |     1 ||     4
Armor: Robe              |     8 |    15 |    17 ||    40
Dodge: Dodged            |    56 |   155 |   324 ||   535
